 Dungeon Crawl Stone Soup version 0.30-a0-596-g0af90f9a20 (webtiles) character file.

Game seed: 1365491212193646325

290 bmack86 the Trooper (level 6, -2/57 HPs)
             Began as a Minotaur Fighter on Jan 7, 2023.
             Succumbed to a kobold brigand's curare-tipped dart
             ... on level 5 of the Dungeon.
             The game lasted 00:06:04 (2423 turns).

bmack86 the Trooper (Minotaur Fighter)              Turns: 2423, Time: 00:06:04

Health: -2/57      AC:  8    Str: 22    XL:     6   Next: 9%
Magic:  14/14      EV:  9    Int:  5    God:
Gold:   172        SH:  5    Dex: 16    Spells: 5/5 levels left

rFire   . . .      SeeInvis .    a - +0 war axe
rCold   . . .      Faith    .    c - +0 buckler
rNeg    . . .      Spirit   .    b - +0 scale mail
rPois   .          Reflect  .    (helmet restricted)
rElec   .          Harm     .    (no cloak)
rCorr   .          Rampage  .    m - +0 pair of gloves
Will    .....                    (no boots) Stlth
                                 o - amulet of the acrobat
HPRegen 0.29/turn                p - ring of magical power
MPRegen 0.14/turn                r - +6 ring of dexterity

@: mighty, lethally poisoned (-2 -> -8), slowed, very slow
A: horns 2, retaliatory headbutt
a: no special abilities


You were on level 5 of the Dungeon.
You visited 1 branch of the dungeon, and saw 5 of its levels.

You collected 172 gold pieces.

Inventory:

Hand Weapons
 a - a +0 war axe (weapon)
Armour
 b - a +0 scale mail (worn)
 c - a +0 buckler (worn)
 m - a +0 pair of gloves (worn)
Jewellery
 i - an amulet of magic regeneration
 o - an amulet of the acrobat (around neck)
 p - a ring of magical power (left hand)
 r - a +6 ring of dexterity (right hand)
Scrolls
 e - 2 scrolls of amnesia
 f - a scroll of blinking {unknown}
 h - 3 scrolls of noise
 j - a scroll of teleportation
 k - a scroll of fog {unknown}
 l - a scroll of vulnerability {unknown}
 n - 3 scrolls of magic mapping
Potions
 d - a potion of might
 q - a potion of brilliance
 s - 2 potions of attraction
 t - a potion of degeneration
 u - a potion of curing


   Skills:
 * Level 5.7 Fighting
 * Level 4.9 Axes
 + Level 4.6 Armour
 + Level 4.6 Shields


You had 5 spell levels left.
You didn't know any spells.
Your spell library contained the following spells:

 Spells                   Type           Power      Damage    Failure   Level
 Freeze                   Ice            0%         1d3       86%         1
 Kiss of Death            Conj/Necr      0%         2d5       86%         1
 Shock                    Conj/Air       0%         1d3       86%         1
 Confusing Touch          Hex            0%         N/A       99%         3
 Frozen Ramparts          Ice            0%         1d1       99%         3
 Hailstorm                Conj/Ice       0%         3d3       99%         3
 Swiftness                Air            0%         N/A       99%         3
 Tukima's Dance           Hex            0%         N/A       99%         3
 Airstrike                Air            0%         2d(0-16)  100%        4
 Dispel Undead            Necr           0%         3d6       100%        4
 Passage of Golubria      Tloc           0%         N/A       100%        4
 Blade Hands              Tmut           0%         N/A       100%        5
 Irradiate                Conj/Tmut      0%         3d11      100%        5
 Yara's Violent Unravell  Hex/Tmut       0%         3d3       100%        5
 Dragon Form              Tmut           0%         N/A       100%        7


Dungeon Overview and Level Annotations

Branches:
Dungeon (5/15)
 Temple: D:4-7

Altars:
Ashenzari

Annotations:
D:5 Dowan


Innate Abilities, Weirdness & Mutations

You have a pair of horns on your head.
You reflexively headbutt those who attack you in melee.


Message History

You slash Duvessa!
You kill Duvessa!
Dowan screams, "No!
Oh no!"
Dowan seems to find hidden reserves of power!
You have reached level 6!
You closely miss the kobold.
The kobold brigand throws a curare-tipped dart.
The curare-tipped dart hits you.
You are poisoned.
You have difficulty breathing.
You feel yourself slow down. The kobold barely misses you.
You closely miss the kobold. You slash the kobold!
You kill the kobold!
You feel very sick.
The kobold brigand throws a curare-tipped dart.
The curare-tipped dart hits you.
You are more poisoned.
You have difficulty breathing.
* * * LOW HITPOINT WARNING * * *
You feel as though you will be slow longer.
The kobold barely misses you.
You closely miss Dowan. You barely miss the kobold.
* * * LOW HITPOINT WARNING * * *
You feel extremely sick.
Dowan hits you but does no damage. x2; The kobold hits you with a +0 dagger.
* * * LOW HITPOINT WARNING * * *
Dowan hits you but does no damage. The kobold hits you but does no damage.
You barely miss Dowan. You headbutt Dowan!
Dowan is heavily wounded.
You slash the kobold!
You kill the kobold!
* * * LOW HITPOINT WARNING * * *
You feel very sick. Dowan hits you but does no damage. x2
Dowan gestures wildly while chanting.
Dowan blinks!
The kobold brigand throws a curare-tipped dart.
You block the curare-tipped dart.
You barely miss the kobold.
You die...

*,,,,,,,,,*,* ##*##.##*..,,,*,*
#..........,,,*,*
***#.###.....#**,*,*
*,,,.#####_###**,*,*
*,**,###....,***,,,*
*,**,,.KK.,,,,,,,*** #
*,**###K###..#*,,******* # *,*
#.)@....#**,,,,,,,,, # *,*
#.#.###....,,******* # *,*
#.#.#**,.,.,,,** #
#.###.#.#*,..,,,,,,* #
#.......#,...,,,,,,**
##############.###....,,,,,*,****
........# #........,,,,,,,,,,,
..#####.# #..######*,,,,,,,,,*
..#***#.# #.##,,,,,***,,,,,***


You could see a kobold brigand and 2 kobolds.

Vanquished Creatures
  Duvessa (D:5)
  A hound zombie (D:3)
  2 hound skeletons (D:3)
  A gnoll (D:1)
  6 adders
  An adder skeleton (D:3)
  2 worms (D:2)
  2 dart slugs
  9 ball pythons
  9 bats
  2 endoplasms
  A giant cockroach (D:3)
  4 goblins
  5 hobgoblins
  7 jackals
  6 kobolds
  2 quokkas (D:1)
  2 ball python skeletons (D:3)
  2 frilled lizards
  A jackal skeleton (D:3)
  A jackal zombie (D:3)
  A quokka zombie (D:3)
  11 rats
79 creatures vanquished.

Vanquished Creatures (others)
  2 withered plants (D:3)
2 creatures vanquished.

Grand Total: 81 creatures vanquished

Notes
Turn   | Place    | Note
-------+----------+-------------------------------------------
     0 | D:1      | bmack86 the Minotaur Fighter began the quest for the Orb.
     0 | D:1      | Reached XP level 1. HP: 19/19 MP: 0/0
    70 | D:1      | Reached skill level 4 in Fighting
    70 | D:1      | Reached XP level 2. HP: 25/27 MP: 1/1
   332 | D:1      | Reached XP level 3. HP: 33/33 MP: 2/2
   840 | D:2      | Reached XP level 4. HP: 32/41 MP: 3/3
  1402 | D:3      | Reached skill level 5 in Fighting
  1549 | D:3      | Reached XP level 5. HP: 48/48 MP: 4/4
  2349 | D:5      | Entered Level 5 of the Dungeon
  2407 | D:5      | Found a broken altar of Ashenzari.
  2407 | D:5      | Noticed Duvessa
  2408 | D:5      | Noticed Dowan
  2418 | D:5      | Killed Duvessa
  2419 | D:5      | Reached XP level 6. HP: 33/57 MP: 5/5
  2422 | D:5      | HP: 1/57 [poisoned by a kobold brigand (curare-tipped
                  | dart)]
  2423 | D:5      | Succumbed to a kobold brigand's curare-tipped dart

Illustrated notes

Levels and vault maps discovered:
D:1:      roderic_chinese_lattice_arrival, layout_loops_cross,
          minmay_crystal_room, minmay_tetromino_s2
D:2:      layout_basic
D:3:      layout_loops_corners, serial_undead, serial_undead_a, serial_undead_e,
          serial_undead_a, serial_undead_b, serial_undead_f, serial_undead_e,
          serial_undead_e, serial_undead_b, minmay_randomly_rotated_circles
D:4:      layout_basic
D:5:      layout_loops_corners, cheibrodos_ashenzari_chains,
          minmay_fire_ice_demons, uniq_duvessa, uniq_ijyb

Skill      XL: |  1  2  3  4 |
---------------+-------------+-----
Fighting       | 4 5 |  5.7
Axes           | 3 4 |  4.9
Armour         | 4 |  4.6
Shields        | 4 |  4.6

Action                   |  1- 3 |  4- 6 || total
-------------------------+-------+-------++-------
Melee: War axe           |    55 |    77 ||   132
       Headbutt          |     9 |    11 ||    20
  Use: Scroll            |       |     9 ||     9
       Potion            |       |     1 ||     1
Armor: Scale mail        |    17 |    37 ||    54
Dodge: Dodged            |    25 |    60 ||    85
Block: Buckler           |    14 |    19 ||    33

Table legend: (Time is in decaauts)
 A = Elapsed time spent in this place.
 B = Non-inter-level travel time spent in this place.
 C = Inter-level travel time spent in this place.
 D = Time resting spent in this place.
 E = Time spent auto-exploring this place.
 F = Levels seen in this place.
 G = Mean time per level.
                   A        B        C        D        E       F      G
               +--------+--------+--------+--------+--------+-----+--------+
         Total |   2473 |   2351 |    122 |      0 |   1521 |   5 |  494.6 |
       Dungeon |   2473 |   2351 |    122 |      0 |   1521 |   5 |  494.6 |
               +--------+--------+--------+--------+--------+-----+--------+

Top non-repeatable levels by time:
     D:3: 980 daAuts
     D:2: 724 daAuts
     D:1: 660 daAuts
     D:5: 79 daAuts
     D:4: 28 daAuts
